 Dungeon Sprint DCSS version 0.28.0-43-g3370ac3207 (webtiles) character file.

Game seed: 3227009821480712674

7 boopmooplesden the Slasher (level 1, -9/22 HPs)
             Began as a Minotaur Berserker on Mar 11, 2022.
             Was a Follower of Trog.
             Mangled by a worm (10 damage)
             ... in the Dungeon (Sprint II: "The Violet Keep of Menkaure").
             The game lasted 00:00:07 (19 turns).

boopmooplesden the Slasher (Minotaur Berserker)       Turns: 19, Time: 00:00:08

Health: -9/22      AC:  2    Str: 21    XL:     1   Next: 83%
Magic:  0/0        EV: 12    Int:  4    God:    Trog [*.....]
Gold:   243        SH:  0    Dex:  9    Spells: 0/0 levels left

rFire   . . .      SeeInvis .   a - +0 falchion
rCold   . . .      Faith    .   (no shield)
rNeg    . . .      Spirit   .   b - +0 animal skin
rPois   .          Reflect  .   (helmet restricted)
rElec   .          Harm     .   (no cloak)
rCorr   .          Rampage  .   (no gloves)
Will    .....      NoTele   +   (no boots)
Stlth   +.........              (no amulet)
HPRegen 0.07/turn               (no ring)
MPRegen 0.07/turn               (no ring)

@: on berserk cooldown, slowed, very slow
A: horns 2, retaliatory headbutt
a: Renounce Religion, Berserk


You were in the Dungeon.
You worshipped Trog.
Trog was aware of your devotion.
You visited 1 branch You collected 243 gold pieces.

Inventory:

Hand Weapons
 a - a +0 falchion (weapon)
Armour
 b - a +0 animal skin (worn)
Scrolls
 h - a scroll of blinking
Potions
 c - a potion of curing
 d - a potion of heal wounds
 e - a potion of haste
 f - 2 potions of magic
 g - a potion of berserk rage


   Skills:
 + Level 4.6 Fighting
 + Level 4.6 Long Blades
 + Level 2.8 Armour
 + Level 2.5 Dodging


You couldn't memorise any spells.
You didn't know any spells.
Your spell library was empty.

Dungeon Overview and Level Annotations

Branches:
Dungeon (1/1)

Altars:

Annotations:
D exclusion: obsidian statue


Innate Abilities, Weirdness & Mutations

You have a pair of horns on your head.
You reflexively headbutt those who attack you in melee.


Message History

You feel a strong urge to attack something.
There is an open door here.
You barely miss the worm. The worm completely misses you.
You furiously retaliate!
You headbutt the worm! The worm bites you.
You slash the worm!
The worm is heavily wounded.
You slash the worm!
You kill the worm!
Trog accepts your kill. The worm bites you but does no damage.
Your Fighting skill increases to level 4!
Your Long Blades skill increases to level 4!
Things that are here:
243 gold pieces; a worm corpse You slice the worm!!
You kill the worm!
Trog accepts your kill.
You see here a worm corpse.
You feel a strong urge to attack something.
You are no longer berserk.
You are exhausted.
You feel yourself slow down.
You now have 243 gold pieces.
You see here a worm corpse.
You open the door.
Marking area around an obsidian statue as unsafe for travelling.
A worm comes into view.
There is an open door here.
The worm bites you.
You slash the worm!
The worm is heavily wounded.
The worm bites you!
You hit the worm. Your headbutt misses the worm.
The worm is heavily wounded.
The worm bites you!
* * * LOW HITPOINT WARNING * * *
You barely miss the worm.
The worm is heavily wounded.
The worm bites you!
You die...

......○ .....
..8°. °.. ○..
#≈≈#+++#+++##
≈≈≈.........#
##'## ##.#@#
#..##w#
##††### ##'#
##.## +.<.+
##.## #+#


You could see an obsidian statue and a worm.

Vanquished Creatures
  2 worms (D)
2 creatures vanquished.

Notes
Turn   | Place    | Note
-------+----------+-------------------------------------------
     0 | D        | boopmooplesden the Minotaur Berserker began the quest for
                  | the Orb.
     0 | D        | Reached XP level 1. HP: 19/19 MP: 0/0
    14 | D        | Noticed an obsidian statue
    18 | D        | HP: 1/22 [worm (9)]
    19 | D        | Mangled by a worm

Illustrated notes

Levels and vault maps discovered:
D:        the_violet_keep_of_menkaure [sprint2_stairs_cluster_1,
          sprint2_shoproom, sprint2_temple, sprint2_basic_supplies,
          sprint2_obstacle_6, sprint2_obstacle_1, sprint2_obstacle_3,
          sprint2_obstacle_7, sprint2_obstacle_5, sprint2_timed_cluster_1,
          sprint2_smallroom_cluster_1, sprint2_smallroom_final_cluster_1,
          sprint2_transparent_cluster_1, sprint2_second_timed_cluster_1,
          sprint2_sniper_area_1, sprint2_heavy_combat_area_1,
          sprint2_mutation_trap_area_1, sprint2_forest_area_1,
          sprint2_light_combat_area_1, sprint2_behind_water_1,
          sprint2_near_end_vault_1]

Skill      XL: |  1 |
---------------+----+-----
Fighting       | 4 |  4.6
Long Blades    | 4 |  4.6
Armour         | |  2.8
Dodging        | |  2.5

Action                   || total
-------------------------++-------
Melee: Falchion          ||     7
Invok: Berserk           ||     1
Armor: Animal skin       ||     1
Dodge: Dodged            ||     1
